 Dungeon Crawl Stone Soup version 0.27.1 (webtiles) character file.

Game seed: 14211494157901983902

3 MajorAdolf the Vexing (level 1, -2/18 HPs)
             Began as a Naga Wanderer on Aug 27, 2021.
             Slain by a quokka (5 damage)
             ... on level 1 of the Dungeon.
             The game lasted 00:00:55 (220 turns).

MajorAdolf the Vexing (Naga Wanderer)                Turns: 220, Time: 00:00:55

Health: -2/18      AC:  0    Str: 14    XL:     1   Next: 50%
Magic:  0/2        EV:  8    Int: 14    God:
Gold:   0          SH:  3    Dex:  8    Spells: 1/2 levels left

rFire    . . .     SeeInvis +   a - +0 club
rCold    . . .     Faith    .   b - +0 buckler
rNeg     . . .     Spirit   .   (no armour)
rPois    +         Reflect  .   (no helmet)
rElec    .         Harm     .   (no cloak)
rCorr    .         Rampage  .   (no gloves)
Will     .....                  (no barding)
Stlth    +.........             (no amulet)
HPRegen  0.06/turn              (no ring)
MPRegen  0.08/turn              (no ring)

@: short of breath, very slightly contaminated, very slow
A: AC +0, large, see invisible, deformed body, poison resistance, slowness 2,
spit poison 1, naga tail 1
a: Spit Poison


You were on level 1 of the Dungeon.
You visited 1 branch of the dungeon, and saw 1 of its levels.

Inventory:

Hand Weapons
 a - a +0 club (weapon)
Armour
 b - a +0 buckler (worn)
 c - a +2 scale mail


   Skills:
 - Level 1.0 Fighting
 - Level 0.4 Maces & Flails
 - Level 1.0 Throwing
 - Level 1.5 Armour
 - Level 1.0 Shields
 - Level 1.0 Spellcasting
 + Level 0.1 Conjurations
 - Level 4.0 Hexes
 + Level 0.1 Fire Magic


You had one spell level left.
You knew the following spells:

 Your Spells              Type           Power      Damage    Failure   Level
a - Foxfire               Conj/Fire      0%         2x1d4     32%         1

Your spell library contained the following spells:

 Spells                   Type           Power      Damage    Failure   Level
 Ignite Poison            Fire/Tmut/Pois 0%         N/A       71%         3


Dungeon Overview and Level Annotations

Branches:
Dungeon (1/15)

Altars:


Innate Abilities, Weirdness & Mutations

Your serpentine skin is tough. (AC +0)
You have supernaturally acute eyesight. (SInv)
Armour fits poorly on your strangely shaped body.
Your system is resistant to poisons. (rPois)
You cover ground very slowly.
You can spit poison.
You have a snake-like lower body.


Message History

A quokka is nearby!
Unknown command.
You miscast Foxfire.
You are very lightly contaminated with residual magic.
Nothing appears to happen.
The quokka bites you.
You miscast Foxfire.
Nothing appears to happen.
The quokka closely misses you.
You are too depleted to draw on your mana recklessly!
Unknown command.
Unknown command.
Press: ? - help, Shift-Dir - straight line, f - quokka
Aim: a quokka The splash of poison misses the quokka.
The quokka barely misses you.
Unknown command.
You hit the quokka but do no damage. The quokka closely misses you.
The quokka bites you.
You hit the quokka.
The quokka is moderately wounded.
The quokka bites you.
You hit the quokka but do no damage.
The quokka is moderately wounded.
The quokka bites you.
* * * LOW HITPOINT WARNING * * *
The quokka bites you.
* * * LOW HITPOINT WARNING * * *
Unknown command.
You have got your breath back.
The quokka closely misses you.
Press: ? - help, Shift-Dir - straight line, f/p - quokka
Aim: a quokka (moderately wounded)
The splash of poison misses the quokka.
The quokka twitches its whiskers.
The quokka closely misses you.
Unknown command.
The quokka barely misses you. x2
The quokka closely misses you.
You are too injured to fight recklessly!
Casting: Foxfire (safe; 32% risk of failure)
Confirm with . or Enter, or press ? or * to list all spells.
You conjure some foxfire!
The quokka bites you.
You die...

≈≈≈ ≈≈...
≈≈...##########.##..
≈≈.≈................
≈≈≈≈.......####.####
≈≈≈≈.......#
≈≈P........#
≈≈≈.......r#
≈≈≈......v@#
≈≈≈≈.....v.####
≈≈P...........###### ...
P≈≈≈...............# ...
..........##.....## #...
≈........##......## ....
≈........÷..###...##.÷.#
≈≈.####....## #.......#
≈.. ###### ##......#


You could see a quokka (ally target).

Vanquished Creatures
  2 ball pythons (D:1)
  A hobgoblin (D:1)
3 creatures vanquished.

Vanquished Creatures (others)
  2 foxfires (D:1)
2 creatures vanquished.

Grand Total: 5 creatures vanquished

Notes
Turn   | Place    | Note
-------+----------+-------------------------------------------
     0 | D:1      | MajorAdolf the Naga Wanderer began the quest for the Orb.
     0 | D:1      | MajorAdolf set off with the following items: a +0 club, a
                  | +0 buckler, a +2 scale mail; and the following spell
                  | memorised: Foxfire; and the following spells available to
                  | memorise: Ignite Poison
     0 | D:1      | Reached XP level 1. HP: 18/18 MP: 2/2
   220 | D:1      | Slain by a quokka

Illustrated notes

Levels and vault maps discovered:
D:1:      amcnicky_arrival_wind_blow, layout_basic,
          shapermc_ecumenical_altar_pompeii, chequers_big_river,
          minmay_misc_feat_tiny

Action                   || total
-------------------------++-------
Melee: Club              ||    12
 Cast: Foxfire           ||     3
 Abil: Spit Poison       ||     3
Armor: Scale mail        ||     4
Dodge: Dodged            ||    10
